 Dungeon Crawl Stone Soup version 0.21-a0-440-g28109cb (webtiles) character file.

12023 theanonym the Basher (level 11, -4/73 HPs)
             Began as a Gargoyle Berserker on Nov 10, 2017.
             Was an Elder of Trog.
             Slain by a five-headed hydra (5 damage)
             ... on level 1 of the Lair of Beasts.
             The game lasted 00:21:58 (12476 turns).

theanonym the Basher (Gargoyle Berserker)          Turns: 12476, Time: 00:21:59

Health: -4/73      AC: 19    Str: 24    XL:     11   Next: 86%
Magic:  0/11       EV:  8    Int:  8    God:    Trog [****..]
Gold:   745        SH:  7    Dex:  9    Spells: 10/10 levels left

rFire    + . .     SeeInvis .   G - +1 demon blade (venom)
rCold    x . .     Gourm    .   d - +0 buckler
rNeg     + . .     Faith    .   f - +0 chain mail
rPois    ∞         Spirit   +   F - +2 helmet
rElec    +         Reflect  +   M - scarf {Spirit}
rCorr    .         Harm     .   (no gloves)
MR       ++...                  (no boots)
Stlth    ..........             y - +3 amulet of reflection
HPRegen  1.22/turn              o - ring of fire {rF+, rC-}
MPRegen  0.12/turn              (no ring)

@: berserk cooldown, regenerating, hasted and slowed
A: negative energy resistance 1, electricity resistance, unbreathing,
petrification resistance, rot immunity, AC +8
a: Berserk, Trog's Hand, Brothers in Arms, Burn Spellbooks, Renounce Religion


Innate Abilities, Weirdness & Mutations

You are resistant to torment.
Your stone body is resilient. (AC +8)
You are immune to poison.
You resist negative energy. (rN+)
You are resistant to electric shocks. (rElec)
You can survive without breathing.
You are immune to petrification.
You are immune to rotting.


   Skills:
 + Level 10.3 Fighting
 * Level 9.4 Long Blades
   Level 12.2 Maces & Flails
 - Level 2.1 Armour
 - Level 1.5 Dodging
 - Level 4.0 Shields


You had 10 spell levels left.
You didn't know any spells.

Skill      XL: |  1  2  3  4  5  6  7  8  9 10 11 |
---------------+----------------------------------+-----
Maces & Flails | 4 5 6 7 8 9 11 12 | 12.2
Fighting       | 4 5 6 8 9 10 | 10.3
Shields        | 1 4 |  4.0
Long Blades    | 5 9 |  9.4
Armour         | |  2.1
Dodging        | |  1.5

Action                   |  1- 3 |  4- 6 |  7- 9 | 10-12 || total
-------------------------+-------+-------+-------+-------++-------
Melee: Mace              |    63 |   175 |    51 |       ||   289
       Flail             |       |       |   487 |    43 ||   530
       Demon blade       |       |       |       |   420 ||   420
 Fire: Blowgun           |       |       |     6 |       ||     6
Invok: Berserk           |     1 |     3 |     3 |     6 ||    13
       Trog's Hand       |       |       |       |     7 ||     7
       Brothers in Arms  |       |       |       |     5 ||     5
  Use: Scroll            |     2 |       |     6 |    16 ||    24
       Potion            |       |       |       |     5 ||     5
  Eat: Chunk             |     2 |     6 |     7 |    12 ||    27
       Bread ration      |       |     1 |     2 |     1 ||     4
       Meat ration       |       |       |     1 |     1 ||     2
       Royal jelly       |       |       |       |     2 ||     2
Armor: Animal skin       |    21 |    49 |       |       ||    70
       Chain mail        |       |    24 |   300 |   414 ||   738
Dodge: Dodged            |    38 |    88 |   181 |   228 ||   535
Block: Buckler           |       |     4 |    80 |   175 ||   259
       Reflection        |       |       |       |     4 ||     4
       Rpst.: Demon blade |       |       |       |    61 ||    61

Inventory:

Hand Weapons
 b - a +0 blowgun
   (You took it off a kobold in a sewer)
 G - a +1 demon blade of venom (weapon)
   (You took it off an orc on level 8 of the Dungeon)
Missiles
 a - 8 needles of confusion {god gift}
 e - 50 poisoned needles
 B - 13 curare-tipped needles
 I - 3 tomahawks (quivered)
 K - 5 javelins
Armour
 d - a +0 buckler (worn)
   (You found it on level 4 of the Dungeon)
 f - a +0 chain mail (worn)
   (You found it on level 3 of the Dungeon)
 F - a +2 helmet (worn)
   (You found it on level 7 of the Dungeon)
 M - a scarf of spirit shield (worn)
   (You found it on level 10 of the Dungeon)
Jewellery
 h - an uncursed amulet of faith {Faith, !P}
   (You found it on level 2 of the Dungeon)
 o - a ring of fire (left hand) {rF+, rC-}
   (You found it on level 8 of the Dungeon)
 y - a +3 amulet of reflection (around neck)
   (You found it on level 9 of the Dungeon)
Wands
 C - a wand of flame (48/48)
   (You found it on level 7 of the Dungeon)
Scrolls
 c - 2 scrolls of recharging
 l - a scroll of immolation {unknown}
 r - a scroll of identify
 t - 5 scrolls of teleportation {!r}
 E - a scroll of remove curse
Potions
 g - a potion of magic {unknown}
 i - 3 potions of flight
 k - a potion of ambrosia {unknown}
 m - 4 potions of degeneration
 n - 6 potions of lignification
 p - 2 potions of agility {unknown}
 q - 5 potions of heal wounds
 u - 9 potions of curing
 x - 3 potions of mutation
 z - a potion of might {unknown}
 A - 2 potions of brilliance
 H - a potion of resistance
Books
 w - a book of Power
   (You found it on level 9 of the Dungeon)

   Spells                             Type                      Level
   a - Iskenderun's Battlesphere      Conjuration/Charms           5
   b - Venom Bolt                     Conjuration/Poison           5
   c - Bolt of Magma                  Conjuration/Fire/Earth       5
   d - Iron Shot                      Conjuration/Earth            6
   e - Orb of Destruction             Conjuration                  7
   f - Spellforged Servitor           Conjuration/Summoning        7
   Trog disapproves of the use of such an item.
Comestibles
 D - 6 royal jellies

Dungeon Overview and Level Annotations

Branches:
Dungeon (10/15)            Temple (1/1) D:7            Lair (1/6) D:10
    Orc (0/2) D:10

Altars:
Ashenzari
Cheibriados
Dithmenos
Elyvilon
Fedhas
Gozag
Hepliaklqana
Kikubaaqudgha
Makhleb
Nemelex Xobeh
Okawaru
Qazlal
Ru
Sif Muna
Trog
Uskayaw
Vehumet
Wu Jian
Xom
Yredelemnul
Zin
The Shining One

Shops:
D:6 (


You were on level 1 of the Lair of Beasts.
You worshipped Trog.
Trog was greatly pleased with you.
You were very hungry.

You visited 3 branches of the dungeon, and saw 12 of its levels.
You also visited: Sewer.

You collected 745 gold pieces.


Message History

The killer bee barely misses you.
Your two-headed ogre barely misses the yak.
Your two-headed ogre hits the yak with a dire flail!!
The yak dies!
Trog accepts your kill. The killer bee barely misses you.
The killer bee stings you but does no damage.
The killer bee closely misses you.
You riposte.
You miss the killer bee.
Your two-headed ogre hits the killer bee with a giant club!!
The killer bee dies!
Trog accepts your kill.
The killer bee stings you but does no damage.
The five-headed hydra bites you.
* * * LOW HITPOINT WARNING * * *
You block the five-headed hydra's attack.
The five-headed hydra bites you but does no damage.
The five-headed hydra barely misses you.
The five-headed hydra bites you!
* * * LOW HITPOINT WARNING * * *
The killer bee barely misses you.
You riposte.
A killer bee comes into view.
The killer bee buzzes angrily.
You slice the killer bee!!
You kill the killer bee!
Trog accepts your kill.
You take 12 damage, and have 18/73 hp.
The killer bee closely misses you. You block the killer bee's attack.
The killer bee stings you but does no damage.
The killer bee misses you.
You riposte.
You closely miss the killer bee.
Your two-headed ogre hits the killer bee with a giant club.
Your two-headed ogre hits the killer bee with a dire flail.
A killer bee comes into view.
The killer bee stings your two-headed ogre.
The killer bee stings your two-headed ogre!
Your two-headed ogre is poisoned.
The killer bee poisons your two-headed ogre!
The killer bee stings your two-headed ogre!
The killer bee barely misses your two-headed ogre.
Your two-headed ogre hits the killer bee with a giant club!!
The killer bee dies!
Trog accepts your kill.
The killer bee stings your two-headed ogre.
A killer bee comes into view.
The killer bee stings your two-headed ogre.
The killer bee closely misses your two-headed ogre.
Your two-headed ogre hits the killer bee with a giant club!!!
The killer bee dies!
Trog accepts your kill.
Your skin crawls.
You feel resistant to hostile enchantments.
You are feeling very hungry.
The killer bee stings your two-headed ogre!
Your two-headed ogre misses the killer bee.
Your two-headed ogre completely misses the killer bee.
The five-headed hydra bites you.
* * * LOW HITPOINT WARNING * * *
The five-headed hydra bites you but does no damage.
The five-headed hydra bites you.
* * * LOW HITPOINT WARNING * * *
The five-headed hydra bites you but does no damage.
You block the five-headed hydra's attack.
The killer bee barely misses your two-headed ogre.
You take 4 damage, and have 14/73 hp.
The killer bee stings your two-headed ogre.
Your two-headed ogre barely misses the killer bee.
Your two-headed ogre misses the killer bee.
The killer bee stings your two-headed ogre.
The killer bee barely misses you.
Your two-headed ogre hits the killer bee with a giant club!!
The killer bee dies!
Trog accepts your kill.
You regained 2 hp, and now have 16/73 hp.
Your ogre goes berserk!
You feel somewhat more hungry.
The killer bee stings you but does no damage.
The five-headed hydra bites you!
* * * LOW MAGIC WARNING * * *;
* * * LOW HITPOINT WARNING * * *
You block the five-headed hydra's attack.
The five-headed hydra bites you.
* * * LOW HITPOINT WARNING * * *
The five-headed hydra bites you but does no damage.
You block the five-headed hydra's attack.
The killer bee misses you.
You riposte.
You barely miss the killer bee.
Your two-headed ogre barely misses the killer bee.
Your two-headed ogre hits the killer bee with a dire flail!!
The killer bee dies!
Trog accepts your kill.
You take 8 damage, and have 8/73 hp.
You now have 2/11 mp.
Really read
j - a scroll of fear {!r}?
As you read the scroll of fear {!r}, it crumbles to dust.
You assume a fearsome visage.
The killer bee looks frightened!
The five-headed hydra resists with some effort.
The killer bee stings your two-headed ogre.
The five-headed hydra bites you!
* * * LOW MAGIC WARNING * * *;
* * * LOW HITPOINT WARNING * * *
The five-headed hydra bites you but does no damage.
You block the five-headed hydra's attack.
The five-headed hydra bites you but does no damage.
The five-headed hydra bites you.
You die...

.#. ..## ##.#. ♣..
... ... ... .. ##.#
## # ♣ ##. #..##P#.#
♣#.#P.###@#.....
......††yD.O.....
.♣......O.........
♣♣♣♣..####†..##......
#......# #.†.# ..#...
####......# #...# ..#
.. ...#......#
#...##.## .
#.........###........
##...................


You could see a five-headed hydra, a killer bee (fleeing), a friendly two-headed
ogre (berserk) and a friendly ogre (berserk).

Notes
Turn   | Place    | Note
-------+----------+-------------------------------------------
     0 | D:1      | theanonym the Gargoyle Berserker began the quest for the Orb.
     0 | D:1      | Reached XP level 1. HP: 14/14 MP: 1/1
   166 | D:1      | Reached XP level 2. HP: 16/19 MP: 2/2
   372 | D:1      | Found a blossoming altar of Fedhas.
   374 | D:1      | Found a shimmering altar of Xom.
   374 | D:1      | Found a shimmering altar of Xom.
   376 | D:1      | Found a deep blue altar of Sif Muna.
   376 | D:1      | Found a sacrificial altar of Ru.
   376 | D:1      | Found a glowing silver altar of Zin.
   862 | D:2      | Reached skill level 4 in Maces & Flails
   862 | D:2      | Reached XP level 3. HP: 23/23 MP: 3/3
  1184 | D:2      | Reached XP level 4. HP: 25/28 MP: 4/4
  1232 | D:2      | Found an ornate altar of the Wu Jian Council.
  1282 | D:2      | Found a hide-covered altar of Uskayaw.
  1327 | D:2      | Found a stormy altar of Qazlal.
  1341 | D:2      | Found a shadowy altar of Dithmenos.
  1488 | D:2      | Found a deep blue altar of Sif Muna.
  1657 | D:3      | Reached skill level 5 in Maces & Flails
  1710 | D:3      | Noticed Caerun's ghost (amateur DsGl)
  1722 | D:3      | Killed Caerun's ghost
  1722 | D:3      | Reached XP level 5. HP: 25/32 MP: 5/5
  2032 | D:3      | Reached skill level 6 in Maces & Flails
  2035 | D:3      | Reached ** piety under Trog
  2427 | D:3      | Noticed a sky beast
  2439 | D:3      | Killed a sky beast
  2439 | D:3      | Reached XP level 6. HP: 37/37 MP: 6/6
  2732 | D:4      | Noticed a phantom
  2744 | D:4      | Killed a phantom
  2744 | D:4      | Reached skill level 7 in Maces & Flails
  2869 | D:4      | Reached skill level 4 in Fighting
  2961 | D:4      | Reached XP level 7. HP: 40/43 MP: 7/7
  3070 | D:4      | Found a radiant altar of Vehumet.
  3940 | D:5      | Entered Level 5 of the Dungeon
  3946 | D:5      | Reached skill level 8 in Maces & Flails
  4042 | D:5      | Reached skill level 1 in Shields
  4152 | D:5      | Reached skill level 5 in Fighting
  4152 | D:5      | Reached XP level 8. HP: 44/49 MP: 8/8
  4338 | D:5      | Reached skill level 2 in Shields
  4408 | D:5      | Reached *** piety under Trog
  5151 | D:5      | Reached skill level 9 in Maces & Flails
  5165 | D:5      | Reached skill level 3 in Shields
  5527 | D:6      | Found a glowing drain.
  5567 | Sewer    | Entered a sewer
  5693 | Sewer    | Reached **** piety under Trog
  5843 | Sewer    | Reached skill level 6 in Fighting
  6462 | D:6      | Found Xalaatyno's Weapon Shop.
  6547 | D:6      | Found a white marble altar of Elyvilon.
  6821 | D:6      | Reached skill level 4 in Shields
  6839 | D:6      | Reached XP level 9. HP: 56/56 MP: 9/9
  7632 | D:6      | Reached skill level 10 in Maces & Flails
  7900 | D:7      | Reached skill level 7 in Fighting
  8063 | D:7      | Noticed a gargoyle
  8071 | D:7      | Killed a gargoyle
  8207 | D:7      | Noticed a gargoyle
  8210 | D:7      | Killed a gargoyle
  8210 | D:7      | Reached skill level 11 in Maces & Flails
  8253 | D:7      | Noticed a gargoyle
  8273 | D:7      | Noticed a gargoyle
  8286 | D:7      | Killed a gargoyle
  8286 | D:7      | Reached skill level 8 in Fighting
  8291 | D:7      | Killed a gargoyle
  8291 | D:7      | Reached ***** piety under Trog
  8291 | D:7      | Reached XP level 10. HP: 64/64 MP: 10/10
  8403 | D:7      | Found a staircase to the Ecumenical Temple.
  8526 | Temple   | Entered the Ecumenical Temple
  9074 | D:8      | Noticed Maurice
  9089 | D:8      | Noticed anything's ghost (novice OpAs)
  9091 | D:8      | HP: 27/65 [acid (9)]
  9124 | D:8      | Noticed a two-headed ogre
  9139 | D:8      | Killed a two-headed ogre
  9139 | D:8      | Reached skill level 12 in Maces & Flails
  9148 | D:8      | Reached skill level 9 in Fighting
  9272 | D:7      | Reached skill level 1 in Long Blades
  9306 | D:7      | Killed Maurice
  9306 | D:7      | Reached skill level 2 in Long Blades
  9488 | D:8      | Reached skill level 3 in Long Blades
  9705 | D:8      | Killed anything's ghost
  9705 | D:8      | Reached skill level 4 in Long Blades
  9876 | D:9      | Reached skill level 5 in Long Blades
  9885 | D:9      | Found a glowing golden altar of the Shining One.
  9988 | D:9      | Found a snail-covered altar of Cheibriados.
  9992 | D:9      | Found an ancient bone altar of Kikubaaqudgha.
 10492 | D:10     | Entered Level 10 of the Dungeon
 10589 | D:10     | Reached XP level 11. HP: 71/71 MP: 11/11
 10595 | D:10     | Reached skill level 6 in Long Blades
 10831 | D:10     | Found a staircase to the Lair.
 10856 | D:10     | Reached skill level 7 in Long Blades
 10871 | D:10     | HP: 32/71 [hellwing (7)]
 10906 | D:10     | Noticed Urug
 10907 | D:10     | HP: 34/71 [shadow imp/nerve-wracking pain (3)]
 11028 | D:10     | Received a gift from Trog
 11292 | D:10     | Reached skill level 8 in Long Blades
 11584 | D:10     | Found a staircase to the Orcish Mines.
 11734 | D:10     | Killed Urug
 11842 | D:10     | Reached skill level 10 in Fighting
 12250 | Lair:1   | Entered Level 1 of the Lair of Beasts
 12281 | Lair:1   | HP: 35/72 [spiny frog (13)]
 12284 | Lair:1   | Reached skill level 9 in Long Blades
 12461 | Lair:1   | Noticed a five-headed hydra
 12467 | Lair:1   | HP: 31/72 [five-headed hydra (7)]
 12473 | Lair:1   | HP: 15/73 [five-headed hydra (4)]
 12476 | Lair:1   | HP: 1/73 [five-headed hydra (8)]
 12476 | Lair:1   | Slain by a five-headed hydra

Vanquished Creatures
  A two-headed ogre (D:8)
  The ghost of anything the Covert, a novice OpAs of Dithmenos (D:8)
  A wolf spider zombie (D:10)
  Maurice (D:7)
  A centaur zombie (D:10)
  4 centaur skeletons (D:10)
  4 gargoyles (D:7)
  A spiny frog (Lair:1)
  2 hellwings
  A troll (D:10)
  4 yaks (Lair:1)
  A wyvern (D:9)
  A hungry ghost (D:8)
  A steam dragon (D:10)
  A water moccasin (D:8)
  2 ice beasts
  An orc warrior (D:10)
  4 sky beasts
  8 ogres
  4 phantoms
  4 centaurs
  The ghost of Caerun the Twirler, an amateur DsGl (D:3)
  5 big kobolds
  4 bullfrogs
  2 gnoll sergeants (D:10)
  3 scorpions
  3 wights (D:6)
  A water moccasin skeleton (D:5)
  4 killer bees (Lair:1)
  2 crimson imps
  An orc priest (D:6)
  4 hounds
  5 jellies
  3 bullfrog skeletons
  2 bullfrog zombies
  6 iguanas
  2 orc wizards (D:10)
  8 worker ants
  2 hound skeletons
  14 gnolls
  13 adders
  4 river rats
  4 shadow imps (D:10)
  2 oozes
  6 adder skeletons
  An adder zombie (D:8)
  2 worms
  7 dart slugs
  5 leopard geckos
  24 orcs
  7 ball pythons
  8 bats
  7 giant cockroaches
  9 hobgoblins
  13 jackals
  20 kobolds
  4 quokkas
  4 frilled lizards
  4 goblins
  A jackal zombie (D:5)
  A quokka skeleton (D:5)
  28 rats
294 creatures vanquished.

Vanquished Creatures (collateral kills)
  Urug (D:10)
  A yak (Lair:1)
  A bullfrog (D:8)
  A gnoll sergeant (D:8)
  A scorpion (D:8)
  5 killer bees (Lair:1)
  4 wights (D:8)
  A hound (D:8)
  An adder (D:8)
  3 gnolls (D:8)
  A jackal (D:8)
20 creatures vanquished.

Vanquished Creatures (others)
  An adder (D:8)
  A withered plant (D:10)
2 creatures vanquished.

Grand Total: 316 creatures vanquished
